ceezer, neutral male human Barbarian -------- -------------- ----- ----- |..=%..| |............| |...| |.... #....[.%| |............| +...| |.`.| #|......-# #.............| |...| |...| #--------# #|............-# ### |...| |.>.| ## # #---|----------###########....| |...| # [ ### ######## ### ----- -.-|- # # # # # # # # # # ### # ### # # # # # # # # # ### # #####` # # # # # -.--.---# #--------# --------|----# |......|# #|......|# |...........|# |.......# #........# |...........|# |......| |......| |....@......-%# -------- |......| |....%[.....|#% |......| |...<^..M....#######` -------- ------------- ceezer the Bandit Experience level: 7 Strength: 18/03 Dexterity: 18 Constitution: 18 Intelligence: 7 Wisdom: 6 Charisma: 7 Health: 40(81) Energy: 16(16) Def: 7 Gold: 543 Moves: 3152 Dungeon seed: YVwgeDDWq8MrrpTW Game ID: ceezer_1512667707 Your Inventory: Coins $ - 543 gold pieces Weapons a - a +0 battle-axe (weapon in hands) b - a +0 short sword (alternate weapon; not wielded) Armor e - an uncursed +0 elven mithril-coat (being worn) r - an uncursed +0 dwarvish cloak (being worn) y - an uncursed +0 pair of iron shoes (being worn) Comestibles A - an uncursed food ration Scrolls m - an uncursed scroll of identify t - an uncursed scroll of enchant armor D - an uncursed scroll of enchant weapon Potions f - an uncursed potion of confusion i - a cursed potion of fruit juice z - an uncursed potion of sickness Wands x - a wand of create monster (0:2) G - a wand of create monster (0:12) Tools l - an uncursed skeleton key o - an uncursed tin whistle p - an uncursed tin whistle Gems n - an uncursed worthless piece of green glass Spells and supernatural/magical abilities: Name Level Category Fail Memory W - pray for help -- divine ? -- Your skills at the end: Fighting Skills bare handed combat [Basic] Weapon Skills axe [Basic] short sword [Basic] Spellcasting Skills Final Attributes: You were piously aligned. You were poison resistant. You were fast. You were very unlucky. Crom was angry with you. You are dead. Vanquished creatures: Juiblex a small mimic a gnome mummy 2 rock piercers a pony a shrieker a kobold mummy 4 elf zombies a little dog 2 dwarves 6 hill orcs a centipede a giant bat a wererat a werejackal 2 iguanas an acid blob a coyote 2 hobbits 2 large kobolds a hobgoblin 4 giant rats a cave spider a gnome zombie 5 geckos 4 jackals a fox 3 sewer rats 7 grid bugs 2 lichens a kobold zombie 9 newts 72 creatures vanquished. Voluntary challenges: You had been an atheist until turn 2027. You used a wielded weapon 85 times, starting on turn 95. You read items or engraved 1 time, starting on turn 1907. You never genocided any monsters. You never polymorphed an object. You never changed form. You used no wishes. You never split a pudding. You never wrote Elbereth's name. You violated your moral code, losing 5 points of alignment, starting on turn 3133. Dungeon overview: The Dungeons of Doom: levels 1 to 7 Level 1 a long staircase Level 2 a fountain Level 3 a general store, a fountain, a sink stairs to The Gnomish Mines Level 4 a fountain Level 5 an armor shop Level 6 <- You were here Level 7 The Gnomish Mines: Level 4 stairs to The Dungeons of Doom History has recorded: On T:1 you entered the Dungeons of Doom to retrieve the Amulet of Yendor! On T:143 you reached level 2 of The Dungeons of Doom. On T:608 you reached level 3 of The Dungeons of Doom. On T:928 you advanced to experience level 2. On T:1310 you advanced to experience level 3. On T:1550 you reached level 4 of The Dungeons of Doom. On T:1587 you reached level 1 of The Gnomish Mines. On T:1726 you reached level 5 of The Dungeons of Doom. On T:1737 you advanced to experience level 4. On T:2495 you reached level 6 of The Dungeons of Doom. On T:2696 you advanced to experience level 5. On T:3031 you reached level 7 of The Dungeons of Doom. On T:3127 you advanced to experience level 6. On T:3143 you killed Juiblex on level 6 of The Dungeons of Doom. On T:3143 you advanced to experience level 7. Score breakdown: Gold: 543 ( 9305 points) Experience: 7 levels (13645 points) Exploration: 7 levels ( 14.00%) (10497 points) Discoveries: 2 items ( 0.81%) ( 2705 points) Valuables value: (no points given unless you survive) Artifact value: 0 ( 0 points) Variety of kills: 32 monsters ( 8.40%) ( 8694 points) Turncount: 3152 turns ( -672 points) Survival: died (score multiplied by 80%) Total score: 35339 Latest messages: You smite Juiblex! (4x) You feel terribly sick. You feel much worse. You smite Juiblex! (2x) You kill Juiblex! Welcome to experience level 7. You feel quick! Please move the cursor to an unknown object. A wand of create monster on a staircase up. G - a wand of create monster. You miss the sewer rat. The sewer rat misses. You kill the sewer rat! There is nothing here to pick up. The dwarf wields a dagger! You miss the dwarf. (3x) The dwarf thrusts her dagger. The dwarf hits! You miss the dwarf. You kill the dwarf! You die from your illness. Final status: Goodbye ceezer the Barbarian, poisoned by Juiblex... You were poisoned in The Dungeons of Doom on dungeon level 6 with 35339 points, and 543 pieces of gold, after 3152 moves. You were level 7 with a maximum of 81 hit points when you were poisoned.